 Dungeon Crawl Stone Soup version 0.20-b1-24-gb21faa7 (webtiles) character file.

24 miragecloak the Changer (level 3, -1/23 HPs)
             Began as an Octopode Transmuter on May 25, 2017.
             Slain by an ooze (3 damage)
             ... on level 2 of the Dungeon.
             The game lasted 00:00:30 (562 turns).

miragecloak the Changer (Octopode Transmuter)        Turns: 562, Time: 00:00:31

Health: -1/23      AC:  1    Str:  9    XL:     3   Next: 2%
Magic:  5/6        EV: 13    Int: 15    God:
Gold:   6          SH:  0    Dex: 13    Spells: 5/6 levels left

rFire    . . .     SeeInvis .     - Unarmed
rCold    . . .     Gourm    .   (no shield)
rNeg     . . .     Faith    .   (helmet restricted)
rPois    .         Spirit   .   (no amulet)
rElec    .         Reflect  .   (no ring)
rCorr    .         Harm     .   (no ring)
MR       .....                  (no ring)
Stlth    ++........             (no ring)
Regen    0.1/turn               (no ring)
MPRegen  0.1/turn               (no ring)
                                (no ring)
                                (no ring)

@: appendage (expiring)
A: almost no armour, stealthy swim, amphibious, 8 rings, constrict 8, tentacle
spike 3, camouflage 1, gelatinous body 1
a: End Transformation


You were on level 2 of the Dungeon.
You were not hungry.
One of your tentacles had a temporary spike.
You visited 1 branch of the dungeon, and saw 2 of its levels.

You collected 6 gold pieces.

Inventory:

Missiles
 a - 12 arrows
Jewellery
 f - an uncursed ring of poison resistance {unknown}
 j - a cursed -5 ring of protection {unknown}
Scrolls
 e - a scroll of immolation {unknown}
 k - a scroll of magic mapping {unknown}
Potions
 d - 2 potions of curing {unknown}
 g - 2 potions of brilliance {unknown}
 i - a potion of invisibility {unknown}
 l - a potion of ambrosia {unknown}
Books
 b - a book of Changes

   Spells                             Type                      Level
   a - Beastly Appendage              Transmutation                1
   b - Sticks to Snakes               Transmutation                2
   c - Spider Form                    Transmutation/Poison         3
   d - Ice Form                       Ice/Transmutation            4
   e - Blade Hands                    Transmutation                5
Comestibles
 c - a bread ration
 h - 2 royal jellies


   Skills:
 - Level 1.0 Fighting
 - Level 2.0 Dodging
 - Level 3.0 Unarmed Combat
 - Level 2.0 Spellcasting
 + Level 3.4 Transmutations


You had 5 spell levels left.
You knew the following spells:

 Your Spells              Type           Power        Failure   Level  Hunger
a - Beastly Appendage     Tmut           ##....       5%          1    #......


Dungeon Overview and Level Annotations

Branches:
Dungeon (2/15)

Altars:


Innate Abilities, Weirdness & Mutations

You cannot wear most types of armour.
You are very stealthy in the water. (Stealth+)
You are amphibious.
You can wear up to eight rings at the same time.
You can use your tentacles to constrict eight enemies at once.
Your skin changes colour to match your surroundings (Stealth+).
Your rubbery body absorbs attacks. (AC +1, EV +1)
One of your tentacles bears a large vicious spike.


Message History

The ooze hits you.
You tentacle-slap the ooze but do no damage.
Your tentacle spike misses the ooze.
You squeeze the ooze, but do no damage.
The ooze is heavily wounded.
The ooze hits you.
* * * LOW HITPOINT WARNING * * *
You tentacle-slap the ooze but do no damage.
Your tentacle spike misses the ooze.
You squeeze the ooze.
The ooze is severely wounded.
Your transformation is almost over.
The ooze hits you.
* * * LOW HITPOINT WARNING * * *
You tentacle-slap the ooze but do no damage.
The ooze is severely wounded.
The ooze misses you.
You tentacle-slap the ooze but do no damage.
You pierce the ooze.
The ooze is almost dead.
The ooze hits you.
You die...

#... #.# # #..
#<# .## #.###.#
..# ##....#
#.###.#####
#####.#..##
..........#
######...####.#
#.†.@.......
#....J...###
#........#
###..!#..#
#...#..#
###.##... .#
#.. .# ..


You could see an ooze.

Vanquished Creatures
  A dart slug (D:1)
  2 bats (D:1)
  2 giant cockroaches (D:1)
  3 goblins
  5 hobgoblins
  2 kobolds (D:1)
  A frilled lizard (D:1)
  3 rats (D:1)
19 creatures vanquished.

Notes
Turn   | Place    | Note
-------+----------+-------------------------------------------
     0 | D:1      | miragecloak the Octopode Transmuter began the quest for the Orb.
     0 | D:1      | Reached XP level 1. HP: 13/13 MP: 3/3
    37 | D:1      | Reached XP level 2. HP: 3/18 MP: 5/5
   556 | D:2      | Reached XP level 3. HP: 8/23 MP: 4/6
   562 | D:2      | Slain by an ooze

Skill      XL: |  1  2 |
---------------+-------+-----
Transmutations | 3 |  3.4
Fighting       | |  1.0
Dodging        | |  2.0
Unarmed Combat | |  3.0
Spellcasting   | |  2.0

Action                   || total
-------------------------++-------
Melee: Unarmed           ||    44
       Constrict         ||    12
       Kick              ||    13
       Tentacles         ||    12
       Punch             ||     1
 Cast: Beastly Appendage ||    13
 Stab: Sleeping          ||     5
Armor: Skin              ||     5
Dodge: Dodged            ||    24
